[Event "Titled Tuesday Blitz March 15 Late 2022"]
[White "Kucuksari, Kaan"]
[Black "Hirneise, Jens"]
[WhiteFideId "6380166"]
[BlackFideId "24614734"]
[WhiteElo "2305"]
[BlackElo "2359"]
[Result "1-0"]
[Round "04"]
[TimeControl "180+1"]
[Date "2022.03.16"]
[WhiteClock "0:02:19"]
[BlackClock "0:01:37"]

1. d4 d5 2. Nf3 Nf6 3. c4 e6 4. g3 dxc4 5. Bg2 Bb4+ 6. Bd2 Bxd2+ 7. Nbxd2 c3 8. bxc3 O-O 9. e4 c5 10. O-O Nc6 11. Nb3 cxd4 12. Nfxd4 e5 13. Nxc6 bxc6 14. Qxd8 Rxd8 15. Rfd1 Bg4 16. f3 Be6 17. Nc5 Bc4 18. a3 Kf8 19. Kf2 Ke7 20. Bf1 Bxf1 21. Kxf1 Rxd1+ 22. Rxd1 Rb8 23. Nd3 a5 24. Nxe5 Rb3 25. Nxc6+ 1-0


[Site "https://www.chess.com"]

[Event "Titled Tuesday Blitz March 15 Late 2022"]
[White "Ladan, Nicholas"]
[Black "Romanchuk, Viktor"]
[WhiteFideId "30918855"]
[BlackFideId "14109271"]
[WhiteElo "2167"]
[BlackElo "2242"]
[Result "0-1"]
[Round "04"]
[TimeControl "180+1"]
[Date "2022.03.16"]
[WhiteClock "0:00:21"]
[BlackClock "0:00:27"]

1. d4 d5 2. Bf4 Nf6 3. e3 c5 4. Nf3 Nc6 5. Nbd2 Qb6 6. dxc5 Qxb2 7. Rb1 Qc3 8. Bb5 e6 9. O-O Be7 10. Nb3 O-O 11. Nfd4 Ne4 12. Nxc6 bxc6 13. Bxc6 Ba6 14. Bxa8 Bxf1 15. Bxd5 Bxg2 16. Kxg2 exd5 17. Qxd5 Nxc5 18. Be5 Qxc2 19. Rc1 Qg6+ 20. Bg3 Nxb3 21. axb3 h5 22. Kh1 h4 23. Be5 Rd8 24. Qf3 Qe6 25. Bd4 Qxb3 26. Rg1 Bf8 27. Qf6 Qb7+ 28. f3 Rxd4 29. exd4 a5 30. Qf4 a4 31. Qe4 Qb2 32. Qxh4 a3 33. Qe1 Qxd4 34. Qa1 Qd3 35. Rg3 g6 36. Qg1 Bg7 37. Rg2 Qxf3 38. Qf2 Qxf2 39. Rxf2 Bb2 40. Rf1 a2 41. Kg2 a1=Q 42. Rxa1 Bxa1 43. Kf3 Kg7 44. Kg4 f5+ 45. Kg5 Bf6+ 46. Kf4 Kh6 47. h3 Kh5 48. Kg3 Be5+ 49. Kf3 Kh4 50. Kg2 Bd6 51. Kf3 Kxh3 52. Kf2 g5 53. Kg1 g4 54. Kh1 f4 55. Kg1 Kg3 56. Kh1 Kf3 57. Kg1 Ke2 58. Kh1 f3 59. Kg1 g3 60. Kh1 Be5 61. Kg1 Bd6 62. Kh1 g2+ 63. Kg1 Bc5+ 64. Kh2 g1=Q+ 65. Kh3 Qg2+ 66. Kh4 f2 67. Kh5 f1=Q 68. Kh6 Qfh1# 0-1


[Site "https://www.chess.com"]

[Event "Titled Tuesday Blitz March 15 Late 2022"]
[White "Lashkin, Jegor"]
[Black "Aldokhin, Ivan"]
[WhiteFideId "13907808"]
[BlackFideId "24115720"]
[WhiteElo "2344"]
[BlackElo "2231"]
[Result "0-1"]
[Round "04"]
[TimeControl "180+1"]
[Date "2022.03.15"]
[WhiteClock "0:00:03"]
[BlackClock "0:00:06"]

1. d4 e6 2. c4 d5 3. Nc3 Ne7 4. Nf3 a6 5. cxd5 exd5 6. Bf4 Ng6 7. Bg3 Bd6 8. Bxd6 Qxd6 9. e3 O-O 10. Bd3 Re8 11. O-O Bg4 12. h3 Bxf3 13. Qxf3 c6 14. g3 Nd7 15. h4 Ngf8 16. Rab1 Re6 17. b4 Rf6 18. Qg4 Rh6 19. a4 Re8 20. Rfd1 Nf6 21. Qf3 Qe6 22. Bf5 Qd6 23. Kg2 N6d7 24. b5 axb5 25. axb5 Rf6 26. Qg4 h5 27. Qh3 g6 28. Bd3 c5 29. dxc5 Nxc5 30. Be2 Ne4 31. Nxe4 Rxe4 32. Bf3 Re5 33. Rd4 Ne6 34. Rd3 Ref5 35. e4 Rxf3 36. Rxf3 Rxf3 37. Kxf3 dxe4+ 38. Kg2 Qd3 39. Re1 Kg7 40. Kg1 Qxb5 41. Qg2 Nc5 42. Kh2 Qd3 43. Re3 Qd4 44. Qf1 Nd3 45. Qe2 f5 46. Qd2 b5 47. Kg1 b4 48. Qc2 Qc3 49. Qa4 Qc7 50. Kg2 Qf7 51. Qa1+ Kh7 52. Qb1 b3 53. Re2 Qc4 54. Re3 b2 55. Re2 Qc1 56. Qa2 b1=Q 57. Qf7+ Kh6 58. Qf6 Qh1# 0-1


[Site "https://www.chess.com"]

[Event "Titled Tuesday Blitz March 15 Late 2022"]
[White "Lazavik, Denis"]
[Black "Srihari L R"]
[WhiteFideId "13515110"]
[BlackFideId "46617116"]
[WhiteElo "2437"]
[BlackElo "2121"]
[Result "1-0"]
[Round "04"]
[TimeControl "180+1"]
[Date "2022.03.15"]
[WhiteClock "0:01:58"]
[BlackClock "0:00:50"]

1. d4 d5 2. c4 e6 3. Nf3 Nf6 4. g3 c5 5. cxd5 Nxd5 6. Bg2 Nc6 7. O-O cxd4 8. Nxd4 Bd7 9. Nc3 Ndb4 10. Ndb5 a6 11. Nd6+ Bxd6 12. Qxd6 Qe7 13. Qxe7+ Kxe7 14. Be3 Rhc8 15. Bc5+ Ke8 16. Ne4 Nd5 17. Nd6+ Kd8 18. Nxc8 Rxc8 19. Rac1 Ke8 20. Rfd1 Ne5 21. Bd4 Nc6 22. Bxg7 f6 23. Bxd5 exd5 24. Bxf6 Kf7 25. Bc3 Bg4 26. Rxd5 Bxe2 27. Re1 Bc4 28. Rd7+ Kg6 29. Rg7+ Kh6 30. Rxb7 1-0


[Site "https://www.chess.com"]

[Event "Titled Tuesday Blitz March 15 Late 2022"]
[White "Lehtosaari, Mauri"]
[Black "Demchenko, Anton"]
[WhiteFideId "501999"]
[BlackFideId "4160258"]
[WhiteElo "2472"]
[BlackElo "2539"]
[Result "0-1"]
[Round "04"]
[TimeControl "180+1"]
[Date "2022.03.16"]
[WhiteClock "0:00:01"]
[BlackClock "0:00:01"]

1. d4 Nf6 2. Nf3 d6 3. Bg5 Nbd7 4. Nbd2 h6 5. Bxf6 Nxf6 6. e3 g6 7. Bc4 Bg7 8. c3 O-O 9. a4 c6 10. Qc2 Qc7 11. Ba2 d5 12. O-O Bf5 13. Qd1 Rad8 14. Qe2 Ne4 15. Nxe4 Bxe4 16. Nd2 Bf5 17. e4 dxe4 18. Nxe4 e5 19. Ng3 Bc8 20. dxe5 Qxe5 21. Qf3 Qf6 22. Qe3 b6 23. Rad1 Rfe8 24. Rxd8 Qxd8 25. Qf4 Qe7 26. h3 h5 27. Rd1 h4 28. Nf1 Be5 29. Qf3 Be6 30. Bxe6 Qxe6 31. Ne3 Bc7 32. Nf1 Kg7 33. Qd3 Qe2 34. Qd4+ Be5 35. Qd7 Re6 36. Ne3 Bf6 37. Qd2 Qxd2 38. Rxd2 Bg5 39. Rd3 Bxe3 40. fxe3 Kf6 41. Kf2 Ke7 42. Kf3 f5 43. Rd4 g5 44. e4 Re5 45. exf5 Rxf5+ 46. Ke3 Ke6 47. Rd8 a5 48. Re8+ Kd6 49. Rg8 Kc5 50. b3 b5 51. Re8 Rd5 0-1


[Site "https://www.chess.com"]

[Event "Titled Tuesday Blitz March 15 Late 2022"]
[White "Levitskiy, Andrey"]
[Black "Kujawski, Adam"]
[WhiteFideId "14132885"]
[BlackFideId "1100920"]
[WhiteElo "2301"]
[BlackElo "2053"]
[Result "1-0"]
[Round "04"]
[TimeControl "180+1"]
[Date "2022.03.16"]
[WhiteClock "0:00:06"]
[BlackClock "0:00:02"]

1. d4 Nf6 2. Bf4 c5 3. d5 e6 4. Nc3 exd5 5. Nxd5 Nxd5 6. Qxd5 Be7 7. e4 Nc6 8. Ne2 d6 9. Nc3 O-O 10. O-O-O Be6 11. Qd2 Qa5 12. Kb1 Bf6 13. Nd5 Bxd5 14. Qxa5 Nxa5 15. Rxd5 Rad8 16. Bxd6 Rfe8 17. Bd3 c4 18. e5 cxd3 19. Rxa5 dxc2+ 20. Kxc2 b6 21. Rd5 Be7 22. Rhd1 Bxd6 23. Rxd6 Rc8+ 24. Kb3 Rxe5 25. Rd8+ Re8 26. Rxc8 Rxc8 27. Rd7 Ra8 28. a4 g5 29. Kb4 Kg7 30. Kb5 Kf6 31. Ka6 Re8 32. Rxa7 Re2 33. Rb7 Rxb2 34. Rxb6+ 1-0


[Site "https://www.chess.com"]

[Event "Titled Tuesday Blitz March 15 Late 2022"]
[White "Logozar, Elijah"]
[Black "Kohler, Aran"]
[WhiteFideId "30963788"]
[BlackFideId "1002856"]
[WhiteElo "2526"]
[BlackElo "2291"]
[Result "1-0"]
[Round "04"]
[TimeControl "180+1"]
[Date "2022.03.16"]
[WhiteClock "0:01:22"]
[BlackClock "0:00:45"]

1. e4 c6 2. d4 d5 3. e5 c5 4. dxc5 e6 5. a3 Bxc5 6. Nf3 Ne7 7. b4 Bb6 8. Bd3 Ng6 9. h4 Nc6 10. Qe2 Nd4 11. Nxd4 Bxd4 12. c3 Bb6 13. h5 Ne7 14. h6 g6 15. Bg5 Qc7 16. Bf6 Rg8 17. Nd2 Qxc3 18. O-O Nf5 19. Rac1 Qd4 20. Bb5+ Kf8 21. Nf3 Qg4 22. Ng5 Rh8 23. Qxg4 Nxh6 24. Qh4 Nf5 25. Nxh7+ Kg8 26. Qg4 Rxh7 27. Rc3 a6 28. Rh3 axb5 29. Rxh7 Kxh7 30. Qh3+ Nh6 31. Bg5 1-0


[Site "https://www.chess.com"]

[Event "Titled Tuesday Blitz March 15 Late 2022"]
[White "Magallanes, Rey Jomar"]
[Black "Dauner, Benedikt"]
[WhiteFideId "5205948"]
[BlackFideId "16225899"]
[WhiteElo "2234"]
[BlackElo "2230"]
[Result "0-1"]
[Round "04"]
[TimeControl "180+1"]
[Date "2022.03.16"]
[WhiteClock "0:00:54"]
[BlackClock "0:00:55"]

1. e4 c5 2. Nf3 Nf6 3. Nc3 d5 4. exd5 Nxd5 5. Bb5+ Bd7 6. Bxd7+ Qxd7 7. O-O Nc6 8. d4 cxd4 9. Nxd4 Nxc3 10. bxc3 e6 11. Be3 Be7 12. Qe2 O-O 13. Rad1 Qc8 14. f4 a6 15. f5 e5 16. Nb3 Rd8 17. Qg4 Bf6 18. Bg5 Bxg5 19. Qxg5 f6 20. Qg3 Qc7 21. Nc5 Qb6 22. Qf2 Rxd1 23. Rxd1 Rd8 24. Nd3 Qxf2+ 25. Nxf2 Rxd1+ 26. Nxd1 Kf7 27. Ne3 Ke7 28. Nd5+ Kd6 29. Nb6 Ne7 30. g4 Kc5 31. Nd7+ Kc4 32. h4 Kxc3 33. Nc5 Kxc2 34. Nxb7 e4 35. Nd6 e3 36. Ne4 Kd3 37. Nc5+ Kd2 38. Ne4+ Kd1 39. Ng3 e2 40. Nxe2 Kxe2 41. Kg2 Ke3 42. Kg3 a5 43. a4 Ke4 44. g5 Nxf5+ 45. Kg4 fxg5 46. hxg5 g6 47. Kh3 Kf4 48. Kg2 Kxg5 49. Kh3 Nd4 50. Kg2 Nb3 51. Kh3 Nc5 52. Kg2 Nxa4 53. Kh3 Nb6 54. Kg2 a4 55. Kh3 a3 56. Kg2 a2 57. Kh3 a1=N 58. Kg2 h5 59. Kh3 Nb3 60. Kg2 Nc5 61. Kh3 Nd5 62. Kg2 h4 63. Kh3 Kh5 64. Kg2 g5 65. Kh3 g4+ 66. Kg2 h3+ 67. Kh2 Kh4 68. Kh1 g3 69. Kg1 Ne4 70. Kh1 Nf4 71. Kg1 Ne2+ 72. Kh1 Nf2# 0-1


[Site "https://www.chess.com"]

[Event "Titled Tuesday Blitz March 15 Late 2022"]
[White "Maghsoodloo, Parham"]
[Black "Fedoseev, Vladimir"]
[WhiteFideId "12539929"]
[BlackFideId "24130737"]
[WhiteElo "2909"]
[BlackElo "3008"]
[Result "0-1"]
[Round "04"]
[TimeControl "180+1"]
[Date "2022.03.15"]
[WhiteClock "0:00:03"]
[BlackClock "0:00:08"]

1. e4 c6 2. d4 d5 3. e5 c5 4. Nf3 cxd4 5. Nxd4 Nc6 6. Nxc6 bxc6 7. Bd3 e6 8. O-O Qc7 9. Qe2 Ne7 10. Re1 Ng6 11. g3 Bc5 12. Nd2 O-O 13. h4 f6 14. Nb3 Bb6 15. Bxg6 hxg6 16. Bf4 g5 17. hxg5 fxg5 18. Be3 c5 19. a4 a5 20. Qh5 Bb7 21. Nd2 Qc6 22. Bxg5 c4 23. Bf4 Rf5 24. Qg6 Raf8 25. Re2 d4 26. Ne4 d3 27. cxd3 cxd3 28. Ree1 d2 29. Re2 Rxf4 30. gxf4 Rxf4 31. Kh2 Rh4+ 32. Kg3 Rxe4 33. Rxe4 Qxe4 34. Qxe6+ Kh7 35. Qh3+ Kg6 36. Qe6+ Kg5 37. Qe7+ Kf5 38. Qd7+ Kxe5 39. Qxg7+ Ke6 40. Qh6+ Kd7 41. Qxd2+ Kc8 42. Qc3+ Bc7+ 43. Kh3 Qf5+ 44. Kh4 Qf4+ 45. Kh3 Qh2+ 46. Kg4 Qg2+ 47. Kf5 Be4+ 48. Kf6 Qg6+ 49. Ke7 Qd6+ 50. Kf7 Bd5+ 51. Kg7 Qe7+ 52. Kg6 Be4+ 53. Kh5 Qh7+ 54. Kg4 Qg6+ 55. Kh4 Qh6+ 56. Kg4 Qf4+ 57. Kh5 Qf5+ 58. Kh6 Qg6# 0-1


[Site "https://www.chess.com"]

[Event "Titled Tuesday Blitz March 15 Late 2022"]
[White "Manukyan, Sargis A."]
[Black "Yeshchenko, Uliana"]
[WhiteFideId "13303970"]
[BlackFideId "14187272"]
[WhiteElo "2187"]
[BlackElo "1881"]
[Result "1-0"]
[Round "04"]
[TimeControl "180+1"]
[Date "2022.03.16"]
[WhiteClock "0:01:22"]
[BlackClock "0:00:13"]

1. d4 d5 2. c4 e6 3. Nc3 Nf6 4. Bg5 Be7 5. Nf3 Nbd7 6. e3 O-O 7. c5 c6 8. b4 h6 9. Bh4 b6 10. Be2 a5 11. a3 Ba6 12. Bxa6 Rxa6 13. O-O Qa8 14. Bxf6 Bxf6 15. Nd2 e5 16. Nb3 exd4 17. exd4 Re8 18. b5 cxb5 19. Nxb5 Qc6 20. Nd6 Rb8 21. Rc1 bxc5 22. dxc5 Qa4 23. Qd3 Rxd6 24. cxd6 Rxb3 25. Rc8+ Nf8 26. Qxd5 Qxa3 27. Rxf8+ Kxf8 28. Qa8+ 1-0


[Site "https://www.chess.com"]

[Event "Titled Tuesday Blitz March 15 Late 2022"]
[White "Marson, Juan Miguel"]
[Black "Dylag, Emilia"]
[WhiteFideId "106585"]
[BlackFideId "21805172"]
[WhiteElo "2053"]
[BlackElo "1932"]
[Result "1-0"]
[Round "04"]
[TimeControl "180+1"]
[Date "2022.03.16"]
[WhiteClock "0:01:04"]
[BlackClock "0:01:23"]

1. e4 c5 2. c3 Nf6 3. e5 Nd5 4. d4 cxd4 5. Nf3 Nc6 6. cxd4 d6 7. Bc4 dxe5 8. dxe5 Ndb4 9. O-O Qxd1 10. Rxd1 Bg4 11. Nc3 a6 12. Bb3 Na5 13. Ba4+ b5 14. Nxb5 axb5 15. Bxb5+ Nbc6 16. b4 Rb8 17. a4 Bd7 18. bxa5 e6 19. Be3 Bb4 20. Rac1 Rc8 21. Nd4 Na7 22. Bxd7+ Kxd7 23. Nf5+ 1-0


[Site "https://www.chess.com"]

[Event "Titled Tuesday Blitz March 15 Late 2022"]
[White "Martin Duque, Jesus"]
[Black "Spitzl, Vinzent"]
[WhiteFideId "2208954"]
[BlackFideId "12901253"]
[WhiteElo "2243"]
[BlackElo "2160"]
[Result "1-0"]
[Round "04"]
[TimeControl "180+1"]
[Date "2022.03.16"]
[WhiteClock "0:00:34"]
[BlackClock "0:00:02"]

1. Nf3 Nf6 2. b3 e6 3. Bb2 Be7 4. g3 O-O 5. Bg2 d5 6. O-O c5 7. e3 Nc6 8. Qe2 Bd7 9. c4 Qc7 10. Nc3 Rfd8 11. cxd5 Nxd5 12. Nxd5 exd5 13. d4 b6 14. Rac1 Be6 15. Rfd1 Rac8 16. dxc5 bxc5 17. Ne1 Qa5 18. a3 Qb6 19. b4 cxb4 20. axb4 Nxb4 21. Bd4 Qb7 22. Qb2 f6 23. Nd3 a5 24. Nf4 Bf7 25. Bh3 Rxc1 26. Rxc1 Qa6 27. Rc7 Bd6 28. Bf1 Qa8 29. Ra7 Qb8 30. Rxa5 Nc6 31. Rb5 Qa8 32. Bb6 Rb8 33. Nxd5 Bxd5 34. Rxd5 Bc7 35. Rb5 Bxb6 36. Rxb6 Rxb6 37. Qxb6 Qc8 38. Qc5 Qd7 39. Bc4+ Kh8 40. Bb5 Qd1+ 41. Kg2 1-0


[Site "https://www.chess.com"]

[Event "Titled Tuesday Blitz March 15 Late 2022"]
[White "Martinez Alcantara, Jose Eduardo"]
[Black "Vlassov, Nikolai"]
[WhiteFideId "3805662"]
[BlackFideId "4103360"]
[WhiteElo "2690"]
[BlackElo "2407"]
[Result "1-0"]
[Round "04"]
[TimeControl "180+1"]
[Date "2022.03.15"]
[WhiteClock "0:00:23"]
[BlackClock "0:00:07"]

1. e4 Nc6 2. Nf3 d5 3. exd5 Qxd5 4. Nc3 Qa5 5. Bb5 Bd7 6. O-O a6 7. Be2 O-O-O 8. a3 Bg4 9. h3 Bh5 10. b4 Nxb4 11. axb4 Qxa1 12. Ne5 Bg6 13. Bf3 Qxc3 14. dxc3 Rxd1 15. Rxd1 e6 16. Be3 Bd6 17. Nc4 Be7 18. Na5 c6 19. Nc4 Nf6 20. Bf4 Nd5 21. Bxd5 cxd5 22. Nb6+ Kd8 23. c4 Bxc2 24. Rc1 Bf5 25. cxd5 exd5 26. Rc7 Bxb4 27. Rxb7 Re8 28. Rb8+ Ke7 29. Nxd5+ Kd7 30. Rxb4 Re1+ 31. Kh2 Be6 32. Ne3 Re2 33. f3 Ra2 34. Rb6 a5 35. Ng4 a4 36. Ne5+ Ke7 37. Nc6+ Kf6 38. Rb5 h6 39. h4 a3 40. h5 Rb2 41. Be5+ 1-0


[Site "https://www.chess.com"]

[Event "Titled Tuesday Blitz March 15 Late 2022"]
[White "Matlakov, Maxim"]
[Black "Hakobyan, Aram"]
[WhiteFideId "4168003"]
[BlackFideId "13306677"]
[WhiteElo "2896"]
[BlackElo "2956"]
[Result "1/2-1/2"]
[Round "04"]
[TimeControl "180+1"]
[Date "2022.03.15"]
[WhiteClock "0:00:14"]
[BlackClock "0:00:05"]

1. d4 Nf6 2. Nf3 e6 3. c4 b6 4. a3 Bb7 5. Nc3 d5 6. Qc2 Be7 7. cxd5 Nxd5 8. e4 Nxc3 9. bxc3 O-O 10. Bd3 c5 11. O-O Nd7 12. Bb2 Qc7 13. Qe2 Rfd8 14. Rad1 Nf8 15. Rfe1 Rac8 16. h4 Nd7 17. h5 h6 18. Nh2 Nf6 19. Bb1 cxd4 20. cxd4 Qf4 21. d5 exd5 22. exd5 Bd6 23. g3 Qg5 24. Qd3 Kf8 25. Bxf6 gxf6 26. Nf3 Qg7 27. Nh4 Bc5 28. Nf5 Qg5 29. Qf3 Re8 30. Kg2 Rcd8 31. Rxe8+ Rxe8 32. Kg1 Re5 33. Be4 Bc8 34. d6 Bxf5 35. d7 Bxd7 36. Rxd7 Rxe4 37. Qxe4 Qxg3+ 38. Qg2 Bxf2+ 39. Kf1 Qxg2+ 40. Kxg2 Bc5 41. Rxa7 f5 42. a4 Kg7 43. Kf3 Kf6 44. Rc7 Bg1 45. Rc6+ Kg5 46. Rc1 Bd4 47. Rc4 Bg1 48. Kg2 Be3 49. Kf3 f4 50. Rc7 f6 51. Rf7 Kxh5 52. Rxf6 Kg5 53. Rf8 h5 54. Rg8+ Kf5 55. Rh8 Kg5 56. Rd8 Kf5 57. Rd5+ Kg6 58. Ke4 h4 59. Kf3 h3 60. Rb5 h2 61. Kg2 Bg1 62. a5 bxa5 63. Rxa5 f3+ 64. Kh1 f2 65. Ra1 Kf5 66. Rf1 Kf4 67. Rxf2+ Bxf2 68. Kxh2 1/2-1/2


[Site "https://www.chess.com"]

[Event "Titled Tuesday Blitz March 15 Late 2022"]
[White "Mekhitarian, Krikor Sevag"]
[Black "Chen, Justin"]
[WhiteFideId "2107660"]
[BlackFideId "2098199"]
[WhiteElo "2598"]
[BlackElo "2460"]
[Result "0-1"]
[Round "04"]
[TimeControl "180+1"]
[Date "2022.03.16"]
[WhiteClock "0:00:09"]
[BlackClock "0:00:07"]

1. e4 c6 2. d4 d5 3. f3 g6 4. Nc3 Bg7 5. e5 f6 6. f4 Nh6 7. Nf3 O-O 8. Be3 Qb6 9. a3 Bg4 10. Na4 Qa5+ 11. c3 Nf5 12. Bf2 Bxf3 13. gxf3 fxe5 14. fxe5 Nd7 15. b4 Qc7 16. f4 e6 17. Nb2 a5 18. Nd3 axb4 19. axb4 b6 20. h4 c5 21. Rc1 h5 22. Rg1 Kh7 23. dxc5 bxc5 24. Nxc5 Nxc5 25. Bxc5 Rfd8 26. Bd3 Qf7 27. Qf3 Bh6 28. Rh1 Ra2 29. Bf2 Kh8 30. Kf1 Ne7 31. b5 Bxf4 32. b6 Rf8 33. Rc2 Ra1+ 34. Kg2 Rxh1 35. Kxh1 Nc6 36. Bd4 Qe7 37. Bxg6 Qxh4+ 38. Kg1 Rg8 39. Rg2 Qe1+ 40. Qf1 Bh2+ 41. Rxh2 Rxg6+ 42. Rg2 Rxg2+ 43. Kxg2 Qd2+ 44. Qf2 Qg5+ 45. Kh2 Kg7 46. b7 Kg6 47. Qg2 Kf5 48. Qf3+ Kg6 49. Ba7 Qf5 50. Qxf5+ Kxf5 51. b8=Q Nxb8 52. Bxb8 Ke4 53. Kg3 Kd3 54. Ba7 Kxc3 55. Kf2 Kd3 56. Kf3 d4 57. Kf4 Kc3 58. Kf3 d3 59. Be3 Kc2 60. Kf4 d2 61. Bxd2 Kxd2 62. Kg5 Ke3 63. Kf6 h4 64. Kxe6 h3 65. Kf7 h2 66. e6 h1=Q 67. e7 Qf3+ 68. Kg8 Qg4+ 69. Kf7 Qf5+ 70. Ke8 Kd4 71. Kd8 Qd5+ 72. Kc7 Qe6 73. Kd8 Qd6+ 74. Kc8 Qxe7 0-1


[Site "https://www.chess.com"]

[Event "Titled Tuesday Blitz March 15 Late 2022"]
[White "Melkumyan, Hrant"]
[Black "Andreikin, Dmitry"]
[WhiteFideId "13302485"]
[BlackFideId "4158814"]
[WhiteElo "2918"]
[BlackElo "3021"]
[Result "0-1"]
[Round "04"]
[TimeControl "180+1"]
[Date "2022.03.15"]
[WhiteClock "0:00:12"]
[BlackClock "0:00:13"]

1. c4 e6 2. Nf3 d5 3. d4 a6 4. Nbd2 Nf6 5. g3 dxc4 6. Nxc4 b5 7. Nce5 Bb7 8. Bg2 c5 9. O-O Ra7 10. dxc5 Qxd1 11. Rxd1 Bxc5 12. b4 Bb6 13. a4 Ne4 14. e3 bxa4 15. Bb2 O-O 16. Rxa4 Rc8 17. Nd4 h6 18. Raa1 Bd5 19. Nd3 Nc6 20. Nf4 Nxb4 21. Nxd5 exd5 22. Nf5 Nxf2 23. Rdc1 Rxc1+ 24. Rxc1 Ng4 25. Rc8+ Kh7 26. Bh3 Nxe3 27. Nxe3 Bxe3+ 28. Kf1 d4 29. Ba3 a5 30. Ke2 Re7 31. Kf3 g6 32. Rc5 d3 33. Rc1 Bxc1 0-1


[Site "https://www.chess.com"]

[Event "Titled Tuesday Blitz March 15 Late 2022"]
[White "Mikhalsky, Vladimir"]
[Black "Bashirli, Nail"]
[WhiteFideId "14144352"]
[BlackFideId "13406809"]
[WhiteElo "2301"]
[BlackElo "2333"]
[Result "0-1"]
[Round "04"]
[TimeControl "180+1"]
[Date "2022.03.16"]
[WhiteClock "0:00:07"]
[BlackClock "0:00:15"]

1. c4 Nf6 2. Nc3 e5 3. g3 Bb4 4. Nd5 Nc6 5. Nxb4 Nxb4 6. Bg2 O-O 7. a3 Nc6 8. b4 d5 9. cxd5 Nxd5 10. Bb2 Bg4 11. h3 Bh5 12. Nf3 e4 13. Nh4 Nf4 14. gxf4 Qxh4 15. Bxe4 Qxf4 16. Qc2 Bg6 17. Bxg6 hxg6 18. O-O-O Rad8 19. e3 Qxf2 20. Rdf1 Qe2 21. h4 Qd3 22. h5 Qxc2+ 23. Kxc2 gxh5 24. Rfg1 f6 25. Rxh5 Kf7 26. e4 Rde8 27. d3 Rh8 28. Rgh1 Rxh5 29. Rxh5 a6 30. Kd2 Rd8 31. b5 axb5 32. Rxb5 b6 33. Ke3 Rh8 34. Rf5 Rh2 35. Bc3 Ne7 36. Rb5 Rc2 37. Kd4 Nc6+ 38. Kc4 Ra2 39. Rb3 Rc2 40. Kb5 Ne7 41. Ka6 g5 42. Kb7 g4 43. e5 g3 44. exf6 g2 45. Bd4 Nf5 46. Bg1 Rc1 47. Bh2 Rh1 48. Bxc7 g1=Q 49. Bxb6 Qg2+ 50. Ka7 Rh8 51. Rc3 Ra8# 0-1


[Site "https://www.chess.com"]

[Event "Titled Tuesday Blitz March 15 Late 2022"]
[White "Mogranzini, Roberto"]
[Black "Kashefi, Amir Hosein"]
[WhiteFideId "810894"]
[BlackFideId "12557935"]
[WhiteElo "2469"]
[BlackElo "2107"]
[Result "1-0"]
[Round "04"]
[TimeControl "180+1"]
[Date "2022.03.16"]
[WhiteClock "0:00:12"]
[BlackClock "0:00:12"]

1. Nf3 d5 2. c4 c6 3. g3 Nf6 4. Bg2 Bf5 5. Qb3 Qb6 6. cxd5 cxd5 7. Qxb6 axb6 8. Nc3 e6 9. Nb5 Na6 10. d3 Bb4+ 11. Bd2 Bxd2+ 12. Kxd2 Ke7 13. a3 Rhc8 14. b4 Nd7 15. Nfd4 Bg6 16. f4 Nc7 17. Rac1 Nxb5 18. Nxb5 f6 19. d4 Rc6 20. g4 Rac8 21. Bf3 Rc2+ 22. Rxc2 Rxc2+ 23. Ke3 Be8 24. Kd3 Ra2 25. Kc3 Nc5 26. bxc5 Bxb5 27. cxb6 Bc4 28. Kb4 Kd6 29. Rb1 Kc6 30. Ka4 Rc2 31. Rb4 Rd2 32. Rxc4+ Kxb6 33. Rb4+ Ka6 34. Kb3 Rxd4 35. Rxd4 b5 36. f5 Ka7 37. fxe6 1-0


[Site "https://www.chess.com"]

[Event "Titled Tuesday Blitz March 15 Late 2022"]
[White "Mohammadian, Mohammad"]
[Black "Bettalli, Francesco"]
[WhiteFideId "12566055"]
[BlackFideId "2816453"]
[WhiteElo "1544"]
[BlackElo "2216"]
[Result "0-1"]
[Round "04"]
[TimeControl "180+1"]
[Date "2022.03.16"]
[WhiteClock "0:00:32"]
[BlackClock "0:01:57"]

1. e4 e5 2. Nf3 Nf6 3. Nxe5 Nc6 4. Nxc6 dxc6 5. d3 Bc5 6. Be3 Bxe3 7. fxe3 Ng4 8. Qf3 Qg5 9. Kd2 Be6 10. Be2 O-O-O 11. Nc3 Qa5 12. h3 Ne5 13. Qg3 Nc4+ 14. Kc1 Nxb2 15. Kxb2 Qb4+ 16. Kc1 Qxc3 17. Rb1 Bxa2 18. Rb2 Be6 19. Qg5 h6 20. Qf4 Rhf8 21. e5 Rd5 22. Qa4 Ra5 23. Qb4 Ra1+ 24. Rb1 Qxb4 25. Rxa1 a5 26. Rb1 Qc3 27. Rf1 a4 28. Rf4 a3 29. Rfb4 Qe1+ 30. Bd1 Qxe3# 0-1


[Site "https://www.chess.com"]

[Event "Titled Tuesday Blitz March 15 Late 2022"]
[White "Narayanan.S.L"]
[Black "Goltsev, Dmitry"]
[WhiteFideId "5058422"]
[BlackFideId "24176710"]
[WhiteElo "2494"]
[BlackElo "2273"]
[Result "1-0"]
[Round "04"]
[TimeControl "180+1"]
[Date "2022.03.15"]
[WhiteClock "0:01:13"]
[BlackClock "0:00:10"]

1. d4 Nf6 2. Nf3 e6 3. Bg5 b6 4. Nbd2 Bb7 5. e4 Be7 6. Bxf6 Bxf6 7. c3 d6 8. Bb5+ Nd7 9. Qe2 a6 10. Bd3 e5 11. dxe5 dxe5 12. O-O Nc5 13. Bc2 Ne6 14. Rfd1 O-O 15. Nc4 Qe7 16. g3 Ng5 17. Ne3 g6 18. h4 Nxf3+ 19. Qxf3 Bg7 20. Bb3 Rad8 21. Bd5 c6 22. Bb3 b5 23. Rxd8 Rxd8 24. Rd1 Rxd1+ 25. Qxd1 Bf8 26. h5 Qd6 27. Qf3 Qe7 28. Ng4 Bg7 29. h6 Bh8 30. a3 Bc8 31. Qd1 Bxg4 32. Qxg4 Qd8 33. Qf3 Bf6 34. Kg2 Qe7 35. Qg4 Qd8 36. Qf3 Qe7 37. Qe3 Bg5 38. Qb6 Bxh6 39. Qxc6 Bf8 40. Qxa6 Qc5 41. Qb7 Be7 42. Bd5 Kg7 43. b4 Qd6 44. Qxb5 Qf6 45. a4 h5 46. Qc6 Qg5 47. Qe8 Qf6 48. a5 Bd8 49. c4 h4 50. c5 h3+ 51. Kxh3 Qxf2 52. Qxf7+ Qxf7 53. Bxf7 Kxf7 54. a6 Bb6 55. cxb6 1-0


[Site "https://www.chess.com"]

[Event "Titled Tuesday Blitz March 15 Late 2022"]
[White "Naroditsky, Daniel"]
[Black "Shimanov, Aleksandr"]
[WhiteFideId "2026961"]
[BlackFideId "4198603"]
[WhiteElo "2608"]
[BlackElo "2636"]
[Result "0-1"]
[Round "04"]
[TimeControl "180+1"]
[Date "2022.03.15"]
[WhiteClock "0:00:01"]
[BlackClock "0:00:05"]

1. Nf3 d5 2. c4 c6 3. d4 Nf6 4. Nc3 a6 5. g3 b5 6. b3 Bf5 7. Bg2 h6 8. O-O e6 9. Ne5 Bb4 10. Bb2 O-O 11. Qc1 Nfd7 12. e4 Bxc3 13. exf5 Bxb2 14. Qxb2 Nxe5 15. dxe5 exf5 16. cxd5 cxd5 17. Rad1 Ra7 18. Bxd5 Qe7 19. Rfe1 Kh7 20. e6 fxe6 21. Rxe6 Qg5 22. Rde1 Rd7 23. Qe5 Rdd8 24. h4 Qg4 25. f3 Qh5 26. Re7 Qg6 27. Rc1 Nd7 28. Qc7 Nf6 29. Bf7 Rxf7 30. Rxf7 Nd5 31. h5 Qg5 32. Qc2 Ne3 33. Qf2 Nd1 34. f4 Qg4 35. Qg2 Ne3 36. Qf2 Rd3 37. Re7 Nd1 0-1


[Site "https://www.chess.com"]

[Event "Titled Tuesday Blitz March 15 Late 2022"]
[White "Olsen, Filip Boe"]
[Black "Abdyzhapar, Asylbek"]
[WhiteFideId "1440640"]
[BlackFideId "13800337"]
[WhiteElo "2188"]
[BlackElo "2331"]
[Result "0-1"]
[Round "04"]
[TimeControl "180+1"]
[Date "2022.03.16"]
[WhiteClock "0:00:53"]
[BlackClock "0:02:29"]

1. d4 Nf6 2. Nf3 g6 3. Bf4 Bg7 4. e3 d6 5. c4 O-O 6. Nc3 Nbd7 7. Be2 c5 8. O-O a6 9. h3 Rb8 10. Rc1 b6 11. Nd5 Nxd5 12. cxd5 Nf6 13. Qb3 Bb7 14. dxc5 Bxd5 15. Qa3 bxc5 16. b3 Ne4 17. Bc4 Bb7 18. Rfd1 Qc8 19. Qa5 Re8 20. b4 Nc3 21. Rd3 Ne2+ 22. Kf1 Nxc1 23. Ng5 e6 0-1


[Site "https://www.chess.com"]